 Dungeon Sprint DCSS version 0.28-a0-465-ge2dae52223 (webtiles) character file.

Game seed: 10898135075701387485

7496 MikeHunt the Basher (level 10, -16/74 HPs)
             Began as a Demonspawn Ice Elementalist on Sept 15, 2021.
             Was the Champion of Sif Muna.
             Demolished by Urug (24 damage)
             ... in the Dungeon (Sprint III: "The Ten Rune Challenge").
             The game lasted 00:10:18 (2733 turns).

MikeHunt the Basher (Demonspawn Ice Elementalist)   Turns: 2733, Time: 00:10:18

Health: -16/74     AC:  6    Str:  8    XL:     10   Next: 95%
Magic:  20/20      EV: 13    Int: 25    God:    Sif Muna [******]
Gold:   2764       SH:  0    Dex: 13    Spells: 8/23 levels left

rFire   . . .      SeeInvis .   s - +3 dire flail (protect)
rCold   . . .      Faith    .   (shield currently unavailable)
rNeg    + . .      Spirit   .   i - +0 robe {rN+}
rPois   .          Reflect  .   (no helmet)
rElec   .          Harm     .   k - +0 cloak
rCorr   .          Rampage  .   (no gloves)
Will    .....      NoTele   +   q - +2 pair of boots {Stlth+}
Stlth   +++.......              t - amulet of magic regeneration
HPRegen 0.22/turn               (no ring)
MPRegen 0.42/turn               (no ring)

@: no status effects
A: ignite blood 1, powered by pain 1, big brain 2
a: Renounce Religion, Channel Magic, Forget Spell, Divine Exegesis


You were in the Dungeon.
You worshipped Sif Muna.
Sif Muna was exalted by your worship.
You visited 1 branch You collected 3238 gold pieces.
You spent 474 gold pieces at shops.

Inventory:

Hand Weapons
 j - a +2 quarterstaff of chaos
 r - a +1 short sword of venom
 s - a +3 dire flail of protection (weapon)
Missiles
 v - 5 curare-tipped darts
Armour
 a - a +0 robe
 i - a +0 robe of positive energy (worn)
 k - a +0 cloak (worn)
 q - a +2 pair of boots of stealth (worn)
Jewellery
 t - an amulet of magic regeneration (around neck)
Scrolls
 g - a scroll of blinking
 m - a scroll of immolation
 p - a scroll of torment
Potions
 b - a potion of curing
 d - a potion of haste
 e - 2 potions of magic
 h - 2 potions of lignification
 l - 3 potions of mutation
 o - 3 potions of flight {unknown}
Miscellaneous
 f - a condenser vane


   Skills:
 - Level 5.0 Fighting
 + Level 13.5 Maces & Flails
 - Level 5.0 Dodging
 - Level 1.7 Stealth
 - Level 7.0 Spellcasting
 - Level 5.0 Conjurations
 - Level 13.3 Ice Magic
 - Level 10.0 Invocations
 - Level 10.0 Evocations


You had 8 spell levels left.
You knew the following spells:

 Your Spells              Type           Power      Damage    Failure   Level
a - Hailstorm             Conj/Ice       53%        3d12      1%          4
b - Frozen Ramparts       Ice            100%       1d12      1%          3
c - Summon Lightning Spi  Summ/Air       8%         N/A       54%         4
e - Freeze                Ice            100%       1d11      1%          1
x - Ozocubu's Armour      Ice            66%        N/A       1%          3

Your spell library contained the following spells:

 Spells                   Type           Power      Damage    Failure   Level
 Ensorcelled Hibernation  Hex/Ice        84%        N/A       1%          2
 Shock                    Conj/Air       84%        1d8       2%          1
 Static Discharge         Conj/Air       21%        N/A       3%          2
 Ice Form                 Ice/Tmut       42%        N/A       4%          4
 Summon Ice Beast         Ice/Summ       42%        N/A       4%          4
 Animate Skeleton         Necr           16%        N/A       7%          1
 Pain                     Necr           32%        1d5       7%          1
 Passwall                 Tmut/Erth      6%         N/A       10%         2
 Poisonous Vapours        Pois/Air       16%        N/A       10%         2
 Slow                     Hex            8%         N/A       10%         2
 Freezing Cloud           Conj/Ice/Air   19%        6-21      16%         5
 Summon Guardian Golem    Hex/Summ       8%         N/A       21%         3
 Vampiric Draining        Necr           4%         2d6       21%         3
 Ozocubu's Refrigeration  Ice            33%        4d11      24%         7
 Cause Fear               Hex            4%         N/A       54%         4
 Simulacrum               Ice/Necr       21%        N/A       56%         6
 Silence                  Hex/Air        4%         N/A       88%         5
 Storm Form               Tmut/Air       4%         N/A       100%        7
 Lehudib's Crystal Spear  Conj/Erth      10%        10d4      100%        8
 Maxwell's Capacitive Co  Air            4%         ∞         100%        8
 Necromutation            Tmut/Necr      4%         N/A       100%        8
 Chain Lightning          Conj/Air       10%        3d14      100%        9
 Polar Vortex             Ice            33%        N/A       100%        9


Dungeon Overview and Level Annotations

Branches:
Dungeon (1/1)

Altars:
Cheibriados
Dithmenos
Elyvilon
Fedhas
Gozag
Hepliaklqana
Kikubaaqudgha
Makhleb
Nemelex Xobeh
Okawaru
Qazlal
Ru
Sif Muna
Trog
Uskayaw
Vehumet
Wu Jian
Xom
Yredelemnul
Zin
The Shining One
Beogh
Jiyva
Lugonu

Shops:
D *

Annotations:
D Urug


Innate Abilities, Weirdness & Mutations

Your demonic aura sometimes causes spilled blood to erupt in flames.
You sometimes gain a little power by taking damage.
You have an extremely huge brain. (Int +4)


Message History

The wall freezes the redback.
The redback bites you but does no damage.
You bludgeon the redback!!
Your weapon exudes an aura of protection.
The redback is severely wounded.
The wall freezes the redback!
The redback bites you!
You are poisoned.
The redback poisons you!
You thump the redback!
You kill the redback!
Sif Muna accepts your kill.
You see here Zoajavyla's Incunabulum of Wyrd {god gift}.
Sif Muna grants you a gift!
You feel very sick.
You pick up Zoajavyla's Incunabulum of Wyrd {god gift} and begin reading...
You add the spells Silence, Maxwell's Capacitive Coupling and Necromutation to your library.
You feel extremely sick.
The frozen ramparts melt away as you move.
You feel extremely sick.
You start resting.
You feel very sick.
Magic restored.
You feel very sick.
You start resting.
You feel very sick. x2
You feel sick. x4
Urug the Orcish Ballista comes into view.
She is wielding a +2 great sword and wearing a +4 chain mail of willpower.
Unknown command.
You feel sick.
Unknown command.
Unknown command.
You feel better. Urug hits you with a +2 great sword!!
* * * LOW HITPOINT WARNING * * *
Okay, then.
Unknown command.
Press: ? - help, v - describe, . - travel
Here: Urug, wielding a +2 great sword, wearing a +4 chain mail of willpower and quivering javelins The floor.
You fail to use your ability.
Urug hits you with a +2 great sword!!
You die...

#.....#)).#__#...'##)#.#.##.#.)##
##....#___#__'...#...#..#..##..†.
▓▓▓▓▓▓▓▓▓▓▓▓▓▓▓▓▓▓▓▓▓▓▓▓▓▓▓▓▓▓▓#.
≈≈≈♣♣.†...♣♣♣♣≈≈≈........≈≈≈...#.
≈.≈♣♣.≈≈≈≈'♣♣'♣≈≈≈≈≈≈≈≈≈≈≈≈♣♣P.'^
≈≈≈≈'.†...#.≈♣♣♣♣♣♣♣♣♣♣♣♣♣♣♣♣PP#.
≈≈≈♣♣♣♣♣♣♣#..♣♣ ♣♣♣## ≈≈≈♣
###'♣♣♣♣♣*************, ####**
♣♣♣♣.##@o##≈≈≈≈≈≈,,*,,*, ,,,,,**
♣...##.##.#≈≈≈≈≈,,,*,,*, *****+*
♣♣.##.##.##+≈≈≈≈≈****+** ,,,,,,*
♣..#.##.,,*≈≈,,,,,,,,*, *********
♣♣.##.##,,*≈,,+*******, ,,,,,,,,*
♣♣†##.#****,,,*,,,,,,*, ,,,,,,,,*
♣.....#*,,,,,,****,_,*,
****+*****#######*+****** *****+
*,,,,,,,,,,,***≈** *,


You could see Urug.

Vanquished Creatures
  Erolcha (D)
  A lindwurm (D)
  A deep elf pyromancer (D)
  2 cane toads (D)
  A rime drake (D)
  A komodo dragon (D)
  3 wandering mushrooms (D)
  2 tyrant leeches (D)
  5 blink frogs (D)
  A shadow (D)
  5 redbacks (D)
  A spatial vortex (D)
  4 orc warriors (D)
  A swamp drake (D)
  A necrophage (D)
  5 two-headed ogres (D)
  A water elemental (D)
  A jelly (D)
  An orc priest (D)
  Crazy Yiuf (D)
  A wizard (D)
  Jessica (D)
  An orc wizard (D)
  A necromancer (D)
  A kobold demonologist (D)
  3 humans (D)
  12 orcs (D)
  An endoplasm (D)
  2 rats (D)
62 creatures vanquished.

Vanquished Creatures (others)
  4 plants (D)
4 creatures vanquished.

Grand Total: 66 creatures vanquished

Notes
Turn   | Place    | Note
-------+----------+-------------------------------------------
     0 | D        | MikeHunt the Demonspawn Ice Elementalist began the quest
                  | for the Orb.
     0 | D        | Reached XP level 1. HP: 13/13 MP: 3/3
    70 | D        | Noticed Jessica
    84 | D        | Killed Jessica
    85 | D        | Gained mutation: Your demonic aura sometimes causes spilled
                  | blood to erupt in flames. [demonic ancestry]
    85 | D        | Reached XP level 2. HP: 13/19 MP: 0/7
   181 | D        | Reached XP level 3. HP: 24/24 MP: 6/9
   186 | D        | Learned a level 3 spell: Frozen Ramparts
   216 | D        | Reached skill level 5 in Spellcasting
   216 | D        | Reached skill level 5 in Ice Magic
   293 | D        | Noticed Crazy Yiuf
   299 | D        | Killed Crazy Yiuf
   300 | D        | Gained mutation: You sometimes gain a little power by
                  | taking damage. [demonic ancestry]
   300 | D        | Reached XP level 4. HP: 15/30 MP: 3/12
   441 | D        | Noticed a water elemental
   454 | D        | Killed a water elemental
   703 | D        | Learned a level 3 spell: Ozocubu's Armour
   708 | D        | Learned a level 4 spell: Hailstorm
   708 | D        | Found a radiant altar of Vehumet.
   709 | D        | Found a shimmering blue altar of Sif Muna.
   709 | D        | Found an ancient bone altar of Kikubaaqudgha.
   709 | D        | Noticed a wizard
   711 | D        | Killed a wizard
   712 | D        | Reached skill level 1 in Fighting
   712 | D        | Reached skill level 1 in Conjurations
   712 | D        | Gained mutation: You have an unusually large brain. (Int
                  | +2) [demonic ancestry]
   712 | D        | Reached XP level 5. HP: 31/37 MP: 9/14
   720 | D        | Became a worshipper of Sif Muna the Loreminder
   753 | D        | Found a shadowy altar of Dithmenos.
   753 | D        | Noticed a necrophage
   761 | D        | Killed a necrophage
   811 | D        | Found a basalt altar of Yredelemnul.
   811 | D        | Found a sacrificial altar of Ru.
   814 | D        | Reached XP level 6. HP: 48/48 MP: 9/16
   823 | D        | Noticed a deep elf pyromancer
   829 | D        | Killed a deep elf pyromancer
   829 | D        | Reached * piety under Sif Muna
   830 | D        | Reached skill level 5 in Fighting
   830 | D        | Reached skill level 5 in Dodging
   830 | D        | Reached skill level 5 in Conjurations
   830 | D        | Gained mutation: You have an extremely huge brain. (Int +4)
                  | [demonic ancestry]
   830 | D        | Reached XP level 7. HP: 24/56 MP: 3/17
  1005 | D        | Found a hide-covered altar of Uskayaw.
  1005 | D        | Found an iron altar of Okawaru.
  1006 | D        | Found a bloodstained altar of Trog.
  1006 | D        | Found an ornate altar of the Wu Jian Council.
  1006 | D        | Noticed a human
  1012 | D        | Noticed a human
  1015 | D        | Killed a human
  1017 | D        | Killed a human
  1087 | D        | Reached ** piety under Sif Muna
  1088 | D        | Reached XP level 8. HP: 62/62 MP: 15/18
  1134 | D        | Found a blossoming altar of Fedhas.
  1134 | D        | Found a stormy altar of Qazlal.
  1135 | D        | Found a snail-covered altar of Cheibriados.
  1135 | D        | Found a burning altar of Makhleb.
  1135 | D        | Found a hazy altar of Hepliaklqana.
  1135 | D        | Found a shimmering altar of Xom.
  1135 | D        | Found an opulent altar of Gozag.
  1135 | D        | Found a sparkling altar of Nemelex Xobeh.
  1135 | D        | Found a corrupted altar of Lugonu.
  1135 | D        | Found a viscous altar of Jiyva.
  1268 | D        | Reached skill level 1 in Evocations
  1326 | D        | Noticed a two-headed ogre
  1335 | D        | Killed a two-headed ogre
  1335 | D        | Reached *** piety under Sif Muna
  1568 | D        | Reached **** piety under Sif Muna
  1583 | D        | Reached skill level 5 in Evocations
  1586 | D        | Reached ***** piety under Sif Muna
  1595 | D        | Received a gift from Sif Muna
  1598 | D        | Got Sif Muna's Guide on the Frostbite {god gift}
  1716 | D        | Reached skill level 1 in Maces & Flails
  1716 | D        | Reached XP level 9. HP: 68/68 MP: 11/19
  1753 | D        | Found Itiwn's General Store.
  1785 | D        | Bought an amulet of magic regeneration for 390 gold pieces
  1785 | D        | Bought a scroll of magic mapping for 45 gold pieces
  1785 | D        | Bought 5 curare-tipped darts for 39 gold pieces
  1823 | D        | Noticed a two-headed ogre
  1823 | D        | Noticed Erolcha
  1828 | D        | Killed Erolcha
  1829 | D        | Reached skill level 10 in Invocations
  1833 | D        | Killed a two-headed ogre
  1834 | D        | Reached skill level 5 in Maces & Flails
  2079 | D        | Received a gift from Sif Muna
  2082 | D        | Got Sif Muna's Compendium of Feathers and Bewitchment {god
                  | gift}
  2125 | D        | Noticed a wandering mushroom
  2129 | D        | Noticed a wandering mushroom
  2138 | D        | Killed a wandering mushroom
  2139 | D        | Noticed a wandering mushroom
  2150 | D        | Killed a wandering mushroom
  2151 | D        | Reached XP level 10. HP: 74/74 MP: 20/20
  2158 | D        | Reached skill level 10 in Evocations
  2165 | D        | Noticed a cane toad
  2165 | D        | Noticed a cane toad
  2168 | D        | Killed a cane toad
  2171 | D        | Killed a cane toad
  2349 | D        | Received a gift from Sif Muna
  2350 | D        | Reached skill level 10 in Maces & Flails
  2351 | D        | Got Faitwy's Incunabulum of Lightness and the Mountains
                  | {god gift}
  2358 | D        | Learned a level 4 spell: Summon Lightning Spire
  2641 | D        | Received a gift from Sif Muna
  2642 | D        | Got Sif Muna's Collected Works on the Enthralling Glacier
                  | {god gift}
  2665 | D        | Noticed a lindwurm
  2672 | D        | Killed a lindwurm
  2672 | D        | Reached ****** piety under Sif Muna
  2720 | D        | Received a gift from Sif Muna
  2721 | D        | Got Zoajavyla's Incunabulum of Wyrd {god gift}
  2730 | D        | Noticed Urug
  2733 | D        | Demolished by Urug

Illustrated notes

Levels and vault maps discovered:
D:        dungeon_sprint_mu [sprint_mu_entry_cave, sprint_mu_temple_rooms,
          sprint_mu_d1_spiders, sprint_mu_d2_genie, sprint_mu_d3_branching,
          sprint_mu_orc_legion, sprint_mu_elf_gauntlet, sprint_mu_hive_nellie,
          sprint_mu_lair_fedhas, sprint_mu_vaults_butterflies,
          sprint_mu_slime_circle, sprint_mu_swamp_cave, sprint_mu_snake_twists,
          sprint_mu_blade_basic, sprint_mu_crypt_fortress,
          sprint_mu_tomb_spiral, sprint_mu_vestibule_basic,
          sprint_mu_gehenna_hellfire, sprint_mu_dis_giant,
          sprint_mu_tartarus_statrot, sprint_mu_cocytus_islands, sprint_mu_zot1]

Skill      XL: |  1  2  3  4  5  6  7  8  9 10 |
---------------+-------------------------------+-----
Spellcasting   | 4 6 7 |  7.0
Ice Magic      | 4 5 7 11 12 13 | 13.3
Fighting       | 1 3 5 |  5.0
Dodging        | 2 4 5 |  5.0
Conjurations   | 1 3 5 |  5.0
Invocations    | 7 10 | 10.0
Evocations     | 6 9 10 | 10.0
Maces & Flails | 1 7 13 | 13.5
Stealth        | |  1.7

Action                   |  1- 3 |  4- 6 |  7- 9 | 10-12 || total
-------------------------+-------+-------+-------+-------++-------
Melee: Quarterstaff      |       |       |     4 |       ||     4
       Dire flail        |       |       |    19 |    35 ||    54
 Cast: Freeze            |    15 |    17 |    33 |     1 ||    66
       Frozen Ramparts   |     2 |     6 |    15 |     8 ||    31
       Ozocubu's Armour  |       |       |     8 |     6 ||    14
       Hailstorm         |       |       |     4 |     2 ||     6
Invok: Channel Magic     |       |       |     1 |       ||     1
Evoke: Condenser vane    |       |       |     1 |     1 ||     2
  Use: Potion            |       |       |     2 |     1 ||     3
       Scroll            |       |       |     5 |       ||     5
Armor: Robe              |       |       |     9 |    17 ||    26
Dodge: Dodged            |     5 |     8 |    36 |    29 ||    78

Table legend: (Time is in decaauts)
 A = Elapsed time spent in this place.
 B = Non-inter-level travel time spent in this place.
 C = Inter-level travel time spent in this place.
 D = Time resting spent in this place.
 E = Time spent auto-exploring this place.
 F = Levels seen in this place.
 G = Mean time per level.
                   A        B        C        D        E       F      G
               +--------+--------+--------+--------+--------+-----+--------+
         Total |   2745 |   2717 |     28 |   2031 |      4 |   1 | 2745.0 |
       Dungeon |   2745 |   2717 |     28 |   2031 |      4 |   1 | 2745.0 |
               +--------+--------+--------+--------+--------+-----+--------+

Top non-repeatable levels by time:
       D: 2745 daAuts
